[Event "Wed Night Engine Tour 9 Rd Swiss 5m+1s Starts at 2200hrs ST"]
[Site "Infinity Chess"]
[Date "2018.4.11"]
[Round "2"]
[White "Deep_Impact"]
[Black "Thor"]
[Result "1/2-1/2"]
[ECO "D31"]
[WhiteElo "2524"]
[BlackElo "2527"]
[WhiteEngine "asmFishW_2018-04-07_bmi2"]
[BlackEngine "Cfish 2018-04-08 64 NUMA BMI2"]
[EventType "Swiss"]
[WhiteTeam ""]
[BlackTeam ""]
[PlyCount "266"]
[TimeControl "300+1"]

1. d4 d5 2. c4 e6 3. Nc3 c6 4. e4 dxe4 5. Nxe4 Bb4+ 6. Bd2 Qxd4 7. Bxb4 Qxe4+ 
8. Be2 Na6 9. Ba5 b6 10. Qd6 Bd7 11. Bc3 f6 12. Nf3 Nh6 13. Rd1 Rd8 14. Qa3 Bc8 
15. Nd2 Qf4 16. Bh5+ Nf7 17. O-O Qd6 18. b4 Qe7 19. Ne4 O-O 20. c5 Rd5 
21. Be2 b5 22. Rde1 Nc7 23. Qb2 Nh6 24. Nd6 Nf5 25. Nxc8 Rxc8 26. Bf3 Rcd8 
27. Bxd5 Nxd5 28. Bd2 a6 29. Qc2 Qd7 30. f4 Nc7 31. Bc3 Nd5 32. Bd2 Nc7 
33. Bc3 Nd5 34. Qc1 h5 35. Rf2 Qf7 36. Qd1 Nh4 37. Re4 Ng6 38. Qf3 f5 
39. Rd4 Rf8 40. Qh3 Ra8 41. Qf3 Rf8 42. Re2 Re8 43. a3 e5 44. fxe5 Nxe5 
45. Qg3 Ng4 46. Rxe8+ Qxe8 47. h3 Qe3+ 48. Qxe3 Ngxe3 49. Rd3 Kf7 50. Bd2 Nc4 
51. h4 Kf6 52. Kf2 g6 53. g3 Ke6 54. Be1 Kf6 55. Ke2 Ke5 56. Bc3+ Ke6 
57. Be1 Ke5 58. Bc3+ Ke6 59. Bh8 a5 60. bxa5 Nxa5 61. Rd1 Nc4 62. Ra1 f4 
63. a4 bxa4 64. Rxa4 Nce3 65. Kf3 Nf5 66. gxf4 Nxh4+ 67. Ke4 Nf5 68. Ra6 Nde7 
69. Ra1 Nd5 70. Rg1 Kf7 71. Ra1 Ke6 72. Re1 Nc7 73. Be5 Nd5 74. Rg1 Kf7 
75. Ra1 Ng3+ 76. Kf3 Nf5 77. Ke4 Ng3+ 78. Kf3 Nf5 79. Rb1 Ke6 80. Rg1 Kf7 
81. Ke4 Nde3 82. Ba1 Nd5 83. Bb2 Nb4 84. Bd4 Nd5 85. Be5 Nde3 86. Ba1 Nd5 
87. Rb1 Ke6 88. Re1 Nc7 89. Be5 Nd5 90. Rg1 Kf7 91. Rb1 Ke6 92. Bb2 Ng3+ 
93. Kf3 Nf5 94. Re1+ Kf7 95. Rd1 Nb4 96. Ke4 Ke6 97. Rg1 Kf7 98. Bd4 Nd5 
99. Bh8 Nc7 100. Ra1 Ke6 101. Be5 Nd5 102. Rb1 Ng3+ 103. Kf3 Nf5 104. Rg1 Kf7 
105. Rd1 Ke7 106. Ke4 Ng3+ 107. Kf3 Nf5 108. Ba1 Nc7 109. Rb1 Ne6 110. Bb2 Nh4+ 
111. Ke4 Nxc5+ 112. Kd4 Ne6+ 113. Ke3 Ng2+ 114. Ke4 Ngxf4 115. Rc1 Kd7 
116. Be5 Nd5 117. Rg1 g5 118. Rc1 g4 119. Rh1 Nc5+ 120. Kd4 Nb3+ 121. Kd3 Nc5+ 
122. Kd4 Ne6+ 123. Ke4 Ng5+ 124. Kf5 Nf3 125. Rxh5 Nxe5 126. Kxe5 Kc7 
127. Rh1 g3 128. Rg1 Kb6 129. Rxg3 Kc5 130. Rf3 Nb6 131. Ke4 Nd5 132. Kd3 Nb4+ 
133. Ke4 Kb5 1/2-1/2

[Event "Wed Night Engine Tour 9 Rd Swiss 5m+1s Starts at 2200hrs ST"]
[Site "Infinity Chess"]
[Date "2018.4.11"]
[Round "2"]
[White "BlitzMaster"]
[Black "Murx"]
[Result "1/2-1/2"]
[ECO "D31"]
[WhiteElo "2530"]
[BlackElo "2532"]
[WhiteEngine "asmFishW_2018-04-01_bmi2"]
[BlackEngine "asmFishW_2018-04-07_popcnt"]
[EventType "Swiss"]
[WhiteTeam ""]
[BlackTeam ""]
[PlyCount "198"]
[TimeControl "300+1"]

1. d4 d5 2. c4 e6 3. Nc3 c6 4. Nf3 Nf6 5. Bg5 h6 6. Bxf6 Qxf6 7. e3 Nd7 
8. Bd3 dxc4 9. Bxc4 g6 10. Qc2 Bg7 11. O-O O-O 12. Ne4 Qe7 13. Bb3 e5 
14. Ng3 Kh8 15. Rad1 Re8 16. Nxe5 Nxe5 17. dxe5 Bxe5 18. f4 Bg7 19. f5 Qxe3+ 
20. Kh1 Bxf5 21. Nxf5 gxf5 22. Qxf5 Qe4 23. Qxf7 Re7 24. Qf2 Qg4 25. Rde1 Rxe1 
26. Qxe1 Qg6 27. Qe7 b6 28. Qe2 Re8 29. Qd1 Qe4 30. Bf7 Rf8 31. b3 b5 
32. Bh5 Rxf1+ 33. Qxf1 c5 34. Bf3 Qf5 35. Be2 Qxf1+ 36. Bxf1 b4 37. g3 Bd4 
38. Kg2 Bc3 39. Kf3 Kg7 40. Ke4 Kf6 41. Be2 Be1 42. Kd5 Bf2 43. Kc6 Ke5 
44. Kb5 Kd4 45. Ka6 Bg1 46. h3 Bf2 47. g4 Ke4 48. Bf1 Kf3 49. Bc4 Bd4 
50. Kb5 Ke4 51. Ka6 Kf3 52. Kb5 Kg3 53. Be6 Bg1 54. Bd7 Kh4 55. Be6 Be3 
56. Bd7 Bd4 57. Kc4 Kxh3 58. g5+ Kh4 59. gxh6 Kh5 60. h7 Kg6 61. h8=Q Bxh8 
62. Kxc5 Bc3 63. Kb5 Be1 64. Kc6 Kg5 65. Be6 Kf6 66. Bg8 a6 67. Bc4 a5 
68. Ba6 Bc3 69. Kb5 Ke5 70. Kxa5 Be1 71. Bb5 Kd4 72. Ba4 Bd2 73. Kb6 Bc1 
74. Ka6 Bb2 75. Bd7 Bc3 76. Ba4 Ba1 77. Kb7 Bb2 78. Kc7 Kc5 79. Bd7 Ba1 
80. Kb7 Be5 81. Ba4 Ba1 82. Bd7 Bb2 83. Kc7 Ba1 84. Ba4 Bb2 85. Kd7 Be5 
86. Kc8 Bf4 87. Kb7 Bc1 88. Bd7 Bb2 89. Ka6 Ba1 90. Be6 Bb2 91. Bd7 Ba1 
92. Bg4 Bb2 93. Ka5 Ba1 94. Be2 Bb2 95. Bd1 Ba1 96. Bf3 Bb2 97. Be2 Ba1 
98. Ka4 Bb2 99. a3 bxa3 1/2-1/2

[Event "Wed Night Engine Tour 9 Rd Swiss 5m+1s Starts at 2200hrs ST"]
[Site "Infinity Chess"]
[Date "2018.4.11"]
[Round "2"]
[White "Victorious"]
[Black "MCDermont"]
[Result "1/2-1/2 "]
[ECO "C55"]
[WhiteElo "2564"]
[BlackElo "2567"]
[WhiteEngine "Cfish_x64_060418_LTO_popcnt"]
[BlackEngine "BrainFish 090218"]
[EventType "Swiss"]
[WhiteTeam ""]
[BlackTeam ""]
[PlyCount "212"]
[TimeControl "300+1"]

1. e4 e5 2. Nf3 Nc6 3. Bc4 Nf6 4. d3 Bc5 5. O-O d6 6. c3 O-O 7. Re1 a5 
8. Nbd2 Be6 9. Bb5 Ne7 10. d4 Ba7 11. Nf1 Ng6 12. Be3 c6 13. Bd3 a4 14. Bc2 b5 
15. h3 h6 16. Ng3 Bb6 17. Qd2 Re8 18. b3 axb3 19. axb3 Qc7 20. Red1 Qb7 
21. c4 Rxa1 22. Rxa1 Ra8 23. Rc1 b4 24. Nf5 Qb8 25. Rd1 Ra2 26. Qc1 Bc7 
27. Re1 Qa8 28. Bb1 Ra5 29. Nh2 c5 30. d5 Bd7 31. Ng4 Ne8 32. Qd1 Bd8 
33. Bc1 Qc8 34. g3 Ra1 35. Bb2 Ra6 36. Qf3 Kf8 37. Kh1 Qc7 38. Rf1 Nf6 
39. Nge3 Ne8 40. Ng4 Nf6 41. Nge3 Bc8 42. Qe2 Qd7 43. f4 Qe8 44. Kh2 Kg8 
45. Qf3 Qf8 46. Re1 Qe8 47. Re2 Qf8 48. Rf2 Kh7 49. Nf1 Kg8 50. Nd2 Qe8 
51. Ne3 Nh7 52. Qe2 Be7 53. Kh1 Qd8 54. f5 Ngf8 55. Rh2 Nd7 56. h4 Ra8 
57. Kg1 Qf8 58. g4 g5 59. h5 Nhf6 60. Nf3 Bb7 61. Rf2 Qd8 62. Rh2 Kg7 
63. Bd3 Nb6 64. Qc2 Qe8 65. Qd1 Nbd7 66. Nd2 Qd8 67. Qe2 Ra2 68. Nf3 Ra8 
69. Qe1 Nb6 70. Rg2 Ra2 71. Qd1 Nbd7 72. Qe1 Ra8 73. Qf1 Nb6 74. Nd1 Qd7 
75. Ne3 Qd8 76. Qf2 Kg8 77. Qc2 Kf8 78. Qd2 Nbd7 79. Nd1 Kg7 80. Ne3 Kf8 
81. Nd1 Nb6 82. Nf2 Nbd7 83. Rh2 Kg7 84. Rg2 Nb6 85. Nd1 Kf8 86. Nf2 Kg7 
87. Qe2 Ra5 88. Nd1 Nbd7 89. Ne3 Qe8 90. Rh2 Qd8 91. Qf1 Qa8 92. Rg2 Qg8 
93. Qd1 Qe8 94. Rc2 Bd8 95. Rc1 Bc7 96. Ra1 Rxa1 97. Qxa1 Nb6 98. Kg2 Nbd7 
99. Qa7 Qc8 100. Qa2 Ba6 101. Qa1 Bb7 102. Nd2 Qe8 103. Qb1 Qd8 104. Qa1 Nb6 
105. Kg1 Qe8 106. Qd1 Nbd7 1/2-1/2

[Event "Wed Night Engine Tour 9 Rd Swiss 5m+1s Starts at 2200hrs ST"]
[Site "Infinity Chess"]
[Date "2018.4.11"]
[Round "1"]
[White "Dovahkiin"]
[Black "Deep_Impact"]
[Result "1/2-1/2"]
[ECO "B12"]
[WhiteElo "2406"]
[BlackElo "2529"]
[WhiteEngine "Raubfisch ME262_GTZ16f_CTG"]
[BlackEngine "asmFishW_2018-04-07_bmi2"]
[EventType "Swiss"]
[WhiteTeam ""]
[BlackTeam ""]
[PlyCount "130"]
[TimeControl "300+1"]

1. e4 c6 2. d4 d5 3. e5 c5 4. dxc5 e6 5. a3 Bxc5 6. Nf3 Ne7 7. b4 Bb6 8. Bb2 a5 
9. Nbd2 axb4 10. axb4 Rxa1 11. Qxa1 O-O 12. Bd3 Na6 13. Qa3 Ng6 14. h4 Nf4 
15. Bf1 Qe7 16. g3 Nh5 17. b5 Qxa3 18. Bxa3 Nc5 19. Be2 Bd7 20. Kf1 Ra8 
21. Bb2 g6 22. Kg2 Ra2 23. Bd4 Ng7 24. Ra1 Rxa1 25. Bxa1 Ba5 26. Bd4 Na4 
27. Nb3 Bb4 28. Bf1 h5 29. c4 dxc4 30. Bxc4 Ne8 31. Be3 Nc7 32. Nfd4 Bc3 
33. Kf3 Kf8 34. Bh6+ Ke8 35. Bd2 Bb2 36. Ke4 Nb6 37. Kd3 Na4 38. Kc2 Kd8 
39. f3 Ba3 40. Bg5+ Kc8 41. Bc1 Bf8 42. Bd2 Nb6 43. Be2 Nbd5 44. f4 Nb6 
45. Na5 Nbd5 46. Nab3 Kb8 47. Na5 Bc5 48. Nab3 Be7 49. Na5 Nb4+ 50. Kb1 Ncd5 
51. Kb2 Kc7 52. Nf3 Be8 53. Ng5 Nb6 54. Nb3 N4d5 55. Ne4 Na4+ 56. Kc2 Nb4+ 
57. Kc1 Nd5 58. Kd1 Bd7 59. Kc2 Nb4+ 60. Kc1 Nd5 61. Kb1 Ba3 62. Kc2 Nb4+ 
63. Kb1 Nd5 64. Kc2 Nb4+ 65. Kb1 Nd5 1/2-1/2

[Event "Wed Night Engine Tour 9 Rd Swiss 5m+1s Starts at 2200hrs ST"]
[Site "Infinity Chess"]
[Date "2018.4.11"]
[Round "1"]
[White "Thor"]
[Black "TasicV"]
[Result "1/2-1/2"]
[ECO "D30"]
[WhiteElo "2531"]
[BlackElo "2436"]
[WhiteEngine "Cfish 2018-04-08 64 NUMA BMI2"]
[BlackEngine "SugaR.XPrO.1.4.64.POCNT_CTG"]
[EventType "Swiss"]
[WhiteTeam ""]
[BlackTeam ""]
[PlyCount "126"]
[TimeControl "300+1"]

1. d4 d5 2. c4 e6 3. g3 dxc4 4. Bg2 c5 5. Nf3 Nc6 6. Ne5 Nge7 7. Na3 cxd4 
8. Nxc6 Nxc6 9. Nxc4 Be7 10. O-O O-O 11. e3 e5 12. Bxc6 bxc6 13. Nxe5 Bf6 
14. exd4 c5 15. Bf4 cxd4 16. Re1 Re8 17. Qf3 Be6 18. Nd3 Qd5 19. Qxd5 Bxd5 
20. a3 Rac8 21. Rxe8+ Rxe8 22. Rc1 Bb7 23. Bd6 g5 24. Bc5 a5 25. b4 axb4 
26. axb4 Re2 27. Rd1 Bc6 28. f4 Rg2+ 29. Kf1 Ra2 30. Ne5 Bb5+ 31. Kg1 Bxe5 
32. fxe5 d3 33. Be3 Kg7 34. Bxg5 Kg6 35. Bf4 Kf5 36. Rd2 Ra1+ 37. Kg2 Ke4 
38. Rf2 Rd1 39. Kh3 Re1 40. g4 Kd4 41. Kg3 Rg1+ 42. Kh4 Bc4 43. Bd2 Kxe5 
44. h3 Bd5 45. Bc3+ Ke4 46. Bd2 Rd1 47. Kg5 Kd4 48. h4 Kc4 49. Rf4+ Kb5 
50. Rf5 Rxd2 51. Rxd5+ Kxb4 52. Rd7 f6+ 53. Kf4 Kc5 54. Rxh7 Kd4 55. Rd7+ Kc3 
56. h5 Rf2+ 57. Kg3 Re2 58. h6 d2 59. h7 Re8 60. Kg2 Kc2 61. Kf3 d1=Q+ 
62. Rxd1 Kxd1 63. Kf4 Rh8 1/2-1/2

[Event "Wed Night Engine Tour 9 Rd Swiss 5m+1s Starts at 2200hrs ST"]
[Site "Infinity Chess"]
[Date "2018.4.11"]
[Round "1"]
[White "star99"]
[Black "BlitzMaster"]
[Result "1/2-1/2 "]
[ECO "D02"]
[WhiteElo "2485"]
[BlackElo "2532"]
[WhiteEngine "Cryptic Heroes 9.3B"]
[BlackEngine "asmFishW_2018-04-01_bmi2"]
[EventType "Swiss"]
[WhiteTeam ""]
[BlackTeam ""]
[PlyCount "136"]
[TimeControl "300+1"]

1. d4 d5 2. Nf3 Nf6 3. c4 e6 4. Nc3 c6 5. Bg5 h6 6. Bh4 dxc4 7. e4 g5 8. Bg3 b5 
9. Be2 Bb7 10. O-O Nbd7 11. Ne5 Bg7 12. Nxd7 Nxd7 13. Bd6 a6 14. Bh5 Bf8 
15. Bg3 Bg7 16. Bd6 Bf8 17. Bg3 Nf6 18. e5 Nxh5 19. Qxh5 Be7 20. Rfd1 Rh7 
21. Ne4 Qd5 22. Nc3 Qd7 23. Ne4 O-O-O 24. b3 cxb3 25. axb3 Qd5 26. Qe2 h5 
27. f3 Rg7 28. h3 g4 29. fxg4 hxg4 30. h4 Qxb3 31. Rd3 Qd5 32. Rc1 c5 
33. Nxc5 Kb8 34. Nxb7 Qxb7 35. Rdc3 Bb4 36. Rc6 Rgg8 37. h5 Ba3 38. R1c2 Bb2 
39. h6 b4 40. h7 Bxd4+ 41. Bf2 Rh8 42. Bxd4 Rxd4 43. Rc7 Qxc7 44. Rxc7 Kxc7 
45. Qxa6 Rd1+ 46. Kf2 Rxh7 47. Qa5+ Kb7 48. Qxb4+ Kc7 49. Qa5+ Kb8 50. Qa4 Rb1 
51. Qxg4 Rb2+ 52. Kf3 Rh8 53. Qd4 Rb3+ 54. Ke2 Rb7 55. Qd6+ Ka7 56. g3 Rb2+ 
57. Ke3 Rhh2 58. Kf4 Rhf2+ 59. Kg5 Rf5+ 60. Kh6 Kb7 61. Qd7+ Kb8 62. g4 Rf3 
63. Qd6+ Kb7 64. g5 Rh2+ 65. Kg7 Rf5 66. g6 Rg2 67. Qb4+ Ka6 68. Kf8 Rxg6 
1/2-1/2

[Event "Wed Night Engine Tour 9 Rd Swiss 5m+1s Starts at 2200hrs ST"]
[Site "Infinity Chess"]
[Date "2018.4.11"]
[Round "1"]
[White "Murx"]
[Black "MGR"]
[Result "1/2-1/2"]
[ECO "A22"]
[WhiteElo "2533"]
[BlackElo "2499"]
[WhiteEngine "asmFishW_2018-04-07_popcnt"]
[BlackEngine "asmFishW_2018-04-08_popcnt"]
[EventType "Swiss"]
[WhiteTeam ""]
[BlackTeam ""]
[PlyCount "111"]
[TimeControl "300+1"]

1. c4 e5 2. Nc3 Nf6 3. Nf3 Nc6 4. g3 Bb4 5. Bg2 O-O 6. O-O e4 7. Ng5 Bxc3 
8. bxc3 Re8 9. Qc2 Qe7 10. d3 exd3 11. exd3 d6 12. Nf3 h6 13. Nd4 Nxd4 
14. cxd4 c6 15. Rb1 Bf5 16. h3 d5 17. g4 Bg6 18. f4 dxc4 19. Qxc4 Nd5 20. f5 Bh7 
21. Rb2 Ne3 22. Bxe3 Qxe3+ 23. Kh2 Re7 24. Rf3 Qg5 25. d5 Qf6 26. Rff2 cxd5 
27. Qxd5 Rae8 28. Be4 b6 29. Rbc2 Kh8 30. Rf1 Bg8 31. Rff2 Re5 32. Qc6 Qxc6 
33. Rxc6 f6 34. Rd6 Ra5 35. a4 Rc8 36. Bc6 Rc5 37. Bb7 R8c7 38. Bg2 Bb3 
39. Rf4 Kg8 40. Rb4 Ba2 41. Rb5 Rxb5 42. axb5 Kf7 43. Bd5+ Bxd5 44. Rxd5 Ke7 
45. Kg3 Rc3 46. Kh4 Rc5 47. Rxc5 bxc5 48. Kh5 Kf7 49. h4 Ke7 50. Kg6 Kf8 
51. Kh7 Kf7 52. h5 Kf8 53. Kh8 Kf7 54. Kh7 Kf8 55. Kh8 Kf7 56. Kh7 1/2-1/2

[Event "Wed Night Engine Tour 9 Rd Swiss 5m+1s Starts at 2200hrs ST"]
[Site "Infinity Chess"]
[Date "2018.4.11"]
[Round "1"]
[White "ocirema"]
[Black "Victorious"]
[Result "1/2-1/2"]
[ECO "C50"]
[WhiteElo "2509"]
[BlackElo "2566"]
[WhiteEngine "asmFishW_2018-04-08_popcnt"]
[BlackEngine "Cfish_x64_060418_LTO_popcnt"]
[EventType "Swiss"]
[WhiteTeam ""]
[BlackTeam ""]
[PlyCount "110"]
[TimeControl "300+1"]

1. e4 e5 2. Nf3 Nc6 3. Bc4 Bc5 4. O-O Nf6 5. Re1 Ng4 6. Rf1 Nf6 7. d3 d6 
8. c3 a5 9. Re1 O-O 10. Nbd2 h6 11. h3 Be6 12. a4 Bb6 13. Bxe6 fxe6 14. Nc4 Bc5 
15. Be3 Bxe3 16. Rxe3 Nd7 17. Ncd2 Qe8 18. Qb3 Nc5 19. Qc4 Ra6 20. Kh1 Qf7 
21. Rf1 Nd7 22. Kg1 Nc5 23. Rc1 Rb6 24. Rb1 Nd7 25. Qa2 Ra6 26. Qb3 Nc5 
27. Qa2 Kh7 28. Rd1 Kg8 29. Qc4 Rb6 30. Rb1 Nd7 31. Qa2 Ra6 32. Rf1 Nc5 
33. Nb3 Nd7 34. Nbd2 Nc5 35. Rfe1 b6 36. Qb1 Raa8 37. Qc2 Qf6 38. Rb1 Rf7 
39. Kh1 g5 40. b4 Nd7 41. Qb3 axb4 42. cxb4 Nd4 43. Nxd4 exd4 44. Rf3 Qg6 
45. Rxf7 Qxf7 46. f3 Ne5 47. Ra1 Qf4 48. Qxe6+ Kg7 49. Nb3 Nxf3 50. gxf3 Qxf3+ 
51. Kg1 Qg3+ 52. Kh1 Qf3+ 53. Kg1 Qe3+ 54. Kg2 Qe2+ 55. Kh1 Qf3+ 1/2-1/2

[Event "Wed Night Engine Tour 9 Rd Swiss 5m+1s Starts at 2200hrs ST"]
[Site "Infinity Chess"]
[Date "2018.4.11"]
[Round "1"]
[White "MCDermont"]
[Black "RonWeasley"]
[Result "1/2-1/2"]
[ECO "C11"]
[WhiteElo "2569"]
[BlackElo "2521"]
[WhiteEngine "BrainFish 090218"]
[BlackEngine "BrainFish 090218_CTG"]
[EventType "Swiss"]
[WhiteTeam ""]
[BlackTeam ""]
[PlyCount "94"]
[TimeControl "300+1"]

1. e4 e6 2. d4 d5 3. Nc3 Nf6 4. e5 Nfd7 5. f4 c5 6. Nf3 Nc6 7. Be3 cxd4 
8. Nxd4 Qb6 9. Qd2 Qxb2 10. Rb1 Qa3 11. Bb5 Nxd4 12. Bxd4 a6 13. Bxd7+ Bxd7 
14. Rb3 Qe7 15. Rxb7 Rc8 16. O-O Qd8 17. f5 exf5 18. Qd3 Bc5 19. Bxc5 Rxc5 
20. Nxd5 Bc8 21. Re7+ Kf8 22. Qa3 Qa5 23. Qxa5 Rxa5 24. Rc7 Be6 25. Nf4 Rxe5 
26. Nxe6+ Rxe6 27. Rxf5 Re7 28. Rc8+ Re8 29. Rc7 Re7 30. Rc8+ Re8 31. Rfc5 Ke7 
32. R8c6 g6 33. Kf2 Ra8 34. Rc7+ Kf8 35. Rc3 Kg7 36. Rf3 Rhf8 37. Kg3 Rae8 
38. h4 Re2 39. a4 Kh6 40. Kh3 f5 41. Rd3 Re1 42. g3 Ra1 43. Rdd7 Rh8 44. Rc4 Re8 
45. Rcc7 Rh8 46. Rd4 Re8 47. Rdd7 Rh8 1/2-1/2